 Dungeon Crawl Stone Soup version 0.32-a0-418-g34023cf50c (webtiles) character file.

Game seed: 15504530096850951821

9842 Ijustatesigmund the Toxicologist (level 11, -1/66 HPs)
             Began as a Gargoyle Earth Elementalist on Feb 21, 2024.
             Was a Priest of Vehumet.
             Slain by a boulder beetle (16 damage)
             ... on level 11 of the Dungeon.
             The game lasted 00:28:55 (13328 turns).

Ijustatesigmund the Toxicologist (GrEE)            Turns: 13328, Time: 00:28:57

Health: -1/66      AC: 18    Str: 17    XL:     11   Next: 52%
Magic:  14/19      EV: 11    Int: 18    God:    Vehumet [***...]
Gold:   728        SH:  0    Dex:  9    Spells: 11/20 levels left

rFire   . . .        r - +9 hammer of Tiubue Culeo {freeze, rC+ rCorr}
rCold   + . .        (no shield)
rNeg    + . .        a - +2 robe {Will+}
rPois   ∞            (no helmet)
rElec   +            p - +1 cloak
rCorr   +            (no gloves)
SInv    .            (no boots)
Will    +....        (no amulet)
Stlth   ++           m - +4 ring of protection
HPRegen 0.31/turn    (no ring)
MPRegen 0.16/turn

%: no passive effects
@: flying
A: sickness immunity, AC +8, negative energy resistance 1, electricity
resistance, torment resistance 1, petrification resistance, big wings, strong 1
a: Renounce Religion


You were on level 11 of the Dungeon.
You worshipped Vehumet.
Vehumet was most pleased with you.
You visited 2 branches of the dungeon, and saw 12 of its levels.
You also visited: Ossuary.

You collected 1018 gold pieces.
You spent 290 gold pieces at shops.

Inventory:

Hand Weapons
 d - a +2 heavy flail
 e - a +4 quarterstaff of chaos
 r - the +9 hammer of Tiubue Culeo (weapon) {freeze, rC+ rCorr}
   (You found it on level 3 of the Dungeon)

   rC+:       It protects you from cold.
   rCorr:     It protects you from acid and corrosion.
Missiles
 q - 5 curare-tipped darts (quivered)
Armour
 a - a +2 robe of willpower (worn)
 n - a +2 kite shield
 p - a +1 cloak (worn)
 w - the +1 robe "Keicei" {Harm rElec Will- SInv}
   (You bought it in a shop on level 5 of the Dungeon)

   rElec:     It insulates you from electricity.
   Will-:     It decreases your willpower.
   SInv:      It lets you see invisible.
   Harm:      It increases damage dealt and taken.
 I - +0 pearl dragon scales
Jewellery
 m - a +4 ring of protection (left hand)
Wands
 h - a wand of digging (4)
 u - a wand of iceblast (5)
 A - a wand of flame (12)
 J - a wand of mindburst (8)
Scrolls
 f - 4 scrolls of teleportation
 i - 5 scrolls of amnesia
 k - a scroll of revelation
 o - a scroll of fog
 z - a scroll of immolation
 C - a scroll of enchant weapon
 G - 2 scrolls of identify
 H - a scroll of vulnerability
Potions
 b - a potion of magic
 c - 3 potions of cancellation
 g - a potion of mutation
 j - 2 potions of might
 s - 2 potions of heal wounds
 t - 2 potions of attraction
 v - a potion of invisibility
 x - 4 potions of brilliance
 B - a potion of lignification
 E - a potion of enlightenment
 F - 2 potions of curing


   Skills:
 - Level 6.8 Fighting
 - Level 7.6 Maces & Flails
 + Level 5.6 Armour
 - Level 1.5 Dodging
 - Level 2.1 Stealth
 - Level 5.3 Spellcasting
 - Level 6.1 Conjurations
 - Level 7.6 Earth Magic
 + Level 8.3 Alchemy


You had 11 spell levels left.
You knew the following spells:

 Your Spells              Type           Power      Damage    Failure   Level
a - Sandblast             Erth           64%        2d14      1%          1
b - Stone Arrow           Conj/Erth      58%        3d10      1%          3
c - Irradiate             Conj/Alch      15%        3d16      5%          5

Your spell library contained the following spells:

 Spells                   Type           Power      Damage    Failure   Level
 Mephitic Cloud           Conj/Alch/Air  22%        N/A       1%          3
 Momentum Strike          Conj/Tloc      30%        3d8       1%          2
 Passwall                 Erth           32%        N/A       1%          3
 Brom's Barrelling Bould  Conj/Erth      29%        2d5       2%          4
 Freeze                   Ice            16%        1d4       3%          1
 Hailstorm                Conj/Ice       15%        3d6       3%          3
 Petrify                  Alch/Erth      33%        N/A       4%          4
 Frozen Ramparts          Ice            8%         1d2       11%         3
 Inner Flame              Hex/Fire       4%         N/A       11%         3
 Iskenderun's Mystic Bla  Conj/Tloc      15%        2d5       11%         4
 Blink                    Tloc           8%         N/A       19%         2
 Lesser Beckoning         Tloc           8%         N/A       19%         2
 Tukima's Dance           Hex            4%         N/A       36%         3
 Dimensional Bullseye     Hex/Tloc       2%         N/A       77%         4
 Ignition                 Fire           2%         3d3       100%        8


Dungeon Overview and Level Annotations

Branches:
Dungeon (11/15)            Temple (1/1) D:5            Lair (0/5) D:10
Ossuary (visited)
    Orc: D:9-12

Altars:
Ashenzari
Cheibriados
Dithmenos
Elyvilon
Fedhas
Gozag
Hepliaklqana
Kikubaaqudgha
Makhleb
Nemelex Xobeh
Okawaru
Qazlal
Ru
Sif Muna
Trog
Uskayaw
Vehumet
Wu Jian
Xom
Yredelemnul
Zin
The Shining One

Shops:
D:5 [:(!!   D:10 !

Annotations:
D:11 2 transporters, temujin's ghost, journeyman MDFi


Innate Abilities, Weirdness & Mutations

You are immune to sickness and miasma.
Your stone body is resilient. (AC +8)
You are immune to poison.
You resist negative energy. (rN+)
You are resistant to electric shocks. (rElec)
You are resistant to unholy torment.
You are immune to petrification.
Your large and strong wings let you fly.
Your muscles are strong. (Str +4, Int/Dex -1)


Message History

Aiming: Stone Arrow (dangerous; 2% risk of failure)
Press: ? - help, Shift-Dir - straight line, f/p - gnoll
Aim: a gnoll, wielding a +0 club (75% to hit)
The stone arrow hits the shadow!
You destroy the shadow!
Vehumet accepts your kill.
Vehumet is now aiding your destructive spells.
The gnoll hits you from afar with a +0 halberd.
* * * LOW HITPOINT WARNING * * *
Aiming: Mindburst
Press: ? - help, Shift-Dir - straight line, f/p - gnoll
Aim: a gnoll, wielding a +0 club (chance to affect: 72%)
The gnoll's mind is blasted!
The gnoll closely misses you. The gnoll barely misses you.
As you read the scroll of teleportation, it crumbles to dust.
You feel strangely unstable. The gnoll hits you but does no damage.
The gnoll barely misses you. The gnoll attacks as it pursues you!
The gnoll hits you but does no damage.
Your surroundings suddenly seem different.
A two-headed ogre and a boulder beetle come into view.
Found a short sword.
As you read the scroll of summoning, it crumbles to dust.
Wisps of shadow whirl around you...
The boulder beetle curls into a ball and begins rolling!
Aiming: Mindburst
Press: ? - help, Shift-Dir - straight line, f - boulder beetle
Aim: a boulder beetle (rolling, chance to affect: 47%)
The boulder beetle resists with some effort.
The two-headed ogre shouts in stereo!
The two-headed ogre hits your acid dragon with a +0 giant club.
The two-headed ogre hits your acid dragon with a +0 giant spiked club!
Your acid dragon spits acid at the two-headed ogre.
The splash of acid hits the two-headed ogre!!
The air fills with toxic fumes!
As you read the scroll of poison, it crumbles to dust.
The two-headed ogre hits your acid dragon with a +0 giant club!!
Your acid dragon dies!
Your acid dragon's corpse dissolves into shadows!
The boulder beetle is poisoned.
The boulder beetle hits you!
You die...

+ # #§§§§§§###
# #§§§§§§§§§
#§§§§§§§§§
#§§°§§§§§§ §
#§§°§§§§§§
§§§###§○§§§§§§§
§§§§§§§B§§§§§§§
§§§§§§§@§§§§§§§
§§§§§9.§§§§§§§§
§§§§§O§§§§§§§§§
############§§§
§§ #


You could see a boulder beetle (rolling, poisoned), a two-headed ogre (unaware,
ally target) and a friendly gargoyle (summoned).

Vanquished Creatures
  2 two-headed ogres
  A gargoyle (D:11)
  2 komodo dragons (D:10)
  Jeremiah (D:8)
  3 kobold demonologists (D:6)
  2 trolls
  Grinder (D:3)
  3 hornets (D:9)
  2 shadows (D:11)
  3 wyverns
  A wraith (D:10)
  A yak (D:9)
  3 steam dragons
  4 sky beasts
  3 ice beasts
  4 ogres
  4 black bears
  2 orc warriors (D:9)
  A phantom (D:5)
  6 kobold brigands
  A gnoll sergeant (D:9)
  A scorpion (D:5)
  16 killer bees
  An electric eel (D:9)
  A howler monkey (D:10)
  A jelly (D:3)
  2 bombardier beetles
  6 orc priests
  2 gnoll boudas
  5 iguanas
  Crazy Yiuf (D:3)
  4 hounds
  A sleepcap (D:8)
  8 orc wizards
  8 mummies (Ossuary)
  11 gnolls
  4 adders
  3 white imps
  4 ufetubi
  3 ribbon worms
  6 dart slugs
  29 orcs
  11 bats
  6 endoplasms
  A giant cockroach (D:1)
  8 hobgoblins
  6 ball pythons
  7 frilled lizards
  7 goblins
  A hobgoblin zombie (Ossuary)
  17 kobolds
  A kobold zombie (Ossuary)
  6 orc zombies (Ossuary)
  3 rats
241 creatures vanquished.

Vanquished Creatures (collateral kills)
  An adder (D:6)
1 creature vanquished.

Vanquished Creatures (others)
  A gnoll (D:6)
  2 orcs (D:8)
3 creatures vanquished.

Grand Total: 245 creatures vanquished

Notes
Turn   | Place    | Note
-------+----------+-------------------------------------------
     0 | D:1      | Ijustatesigmund the Gargoyle Earth Elementalist began the
                  | quest for the Orb.
     0 | D:1      | Reached XP level 1. HP: 10/10 MP: 3/3
   190 | D:1      | Reached XP level 2. HP: 5/16 MP: 0/5
   522 | D:1      | Reached skill level 1 in Fighting
   626 | D:1      | Reached XP level 3. HP: 19/20 MP: 2/6
   630 | D:1      | Learned a level 3 spell: Stone Arrow
  1301 | D:2      | Reached XP level 4. HP: 25/25 MP: 5/7
  1533 | D:2      | Found a snail-covered altar of Cheibriados.
  1651 | D:2      | Found a faded altar of an unknown god.
  1975 | D:2      | Reached XP level 5. HP: 30/30 MP: 7/9
  2679 | D:3      | Identified the +9 hammer of Tiubue Culeo {freeze, rC+
                  | rCorr}
  2687 | D:3      | Found a runed translucent door.
  2688 | D:3      | Noticed Crazy Yiuf
  2701 | D:3      | Killed Crazy Yiuf
  2702 | D:3      | Reached skill level 1 in Maces & Flails
  2899 | D:3      | Noticed Grinder
  2905 | D:3      | Killed Grinder
  2906 | D:3      | Reached skill level 5 in Earth Magic
  2906 | D:3      | Reached XP level 6. HP: 28/35 MP: 6/11
  3612 | D:4      | Reached XP level 7. HP: 40/40 MP: 12/12
  4495 | D:5      | Entered Level 5 of the Dungeon
  4536 | D:5      | Found Qioph's Distillery.
  4581 | D:5      | Found Ivouckug's Antique Weapon Emporium.
  4685 | D:5      | Found Waemac's Antique Armour Boutique.
  4693 | D:5      | Bought a translucent robe for 136 gold pieces
  4693 | D:5      | Identified the +1 robe "Keicei" {Harm rElec Will- SInv}
                  | (You bought it in a shop on level 5 of the Dungeon)
  4750 | D:5      | Reached XP level 8. HP: 25/44 MP: 0/14
  4946 | D:5      | Found a staircase to the Ecumenical Temple.
  4954 | Temple   | Entered the Ecumenical Temple
  4963 | Temple   | Became a worshipper of Vehumet
  5012 | D:5      | Found an ornate altar of the Wu Jian Council.
  5015 | D:5      | Found a shimmering blue altar of Sif Muna.
  5055 | D:5      | Reached skill level 5 in Conjurations
  5099 | D:5      | Found Doxiyh's Book Shop.
  5503 | D:5      | Found Akuruzoa's Distillery.
  5511 | D:5      | Bought a potion of heal wounds for 70 gold pieces
  5511 | D:5      | Bought a potion of degeneration for 14 gold pieces
  5808 | D:5      | Reached skill level 5 in Spellcasting
  5967 | D:5      | Identified the +0 cloak of Mailani {rCorr}
  6346 | D:6      | Found a sacrificial altar of Ru.
  6466 | D:6      | Found a sand-covered staircase.
  6476 | Ossuary  | Entered an ossuary
  6532 | Ossuary  | Reached * piety under Vehumet
  6532 | Ossuary  | Offered knowledge of Sting by Vehumet.
  6533 | Ossuary  | Reached XP level 9. HP: 45/48 MP: 12/17
  6550 | Ossuary  | Learned a level 5 spell: Irradiate
  6812 | D:6      | Reached skill level 1 in Alchemy
  7131 | D:6      | Reached skill level 5 in Maces & Flails
  7346 | D:7      | Noticed a kobold demonologist
  7346 | D:7      | Noticed a kobold demonologist
  7346 | D:7      | Noticed a kobold demonologist
  7351 | D:6      | Noticed an ice devil
  7353 | D:6      | Killed a kobold demonologist
  7354 | D:6      | Reached skill level 2 in Alchemy
  7604 | D:7      | Noticed a hellwing
  7608 | D:6      | Noticed a smoke demon
  7609 | D:6      | Killed a kobold demonologist
  7610 | D:6      | Reached skill level 3 in Alchemy
  7686 | D:6      | Noticed an ice devil
  7690 | D:6      | Killed a kobold demonologist
  7798 | D:7      | Reached skill level 4 in Alchemy
  8147 | D:7      | Reached XP level 10. HP: 18/58 MP: 4/18
  8151 | D:7      | Reached skill level 5 in Fighting
  8721 | D:7      | Reached skill level 5 in Alchemy
  9277 | D:8      | Found an iron altar of Okawaru.
  9277 | D:8      | Found an opulent altar of Gozag.
  9281 | D:8      | Found a stormy altar of Qazlal.
  9285 | D:8      | Found a shimmering altar of Xom.
  9444 | D:8      | Noticed Jeremiah
  9994 | D:8      | Killed Jeremiah
 10561 | D:9      | Reached skill level 6 in Alchemy
 10571 | D:9      | Reached ** piety under Vehumet
 10571 | D:9      | Offered knowledge of Mercury Vapours by Vehumet.
 10756 | D:9      | Noticed a two-headed ogre
 10761 | D:9      | Killed a two-headed ogre
 11124 | D:9      | Reached skill level 1 in Armour
 11124 | D:9      | Reached skill level 7 in Alchemy
 11124 | D:9      | Reached XP level 11. HP: 66/66 MP: 19/19
 11585 | D:10     | Entered Level 10 of the Dungeon
 11719 | D:9      | Offered knowledge of Mephitic Cloud by Vehumet.
 12237 | D:10     | Found a staircase to the Lair.
 12349 | D:10     | Found Niuvvaos's Distillery.
 12357 | D:10     | Bought a potion of heal wounds for 70 gold pieces
 12357 | D:10     | Gained mutation: Your large and strong wings let you fly.
                  | [potion of mutation]
 12357 | D:10     | Gained mutation: Your muscles are strong. (Str +4, Int/Dex
                  | -1) [potion of mutation]
 12662 | D:11     | Found a transporter.
 12663 | D:11     | Noticed temujin's ghost (journeyman MDFi)
 12667 | D:11     | Noticed a two-headed ogre
 12669 | D:11     | Found a transporter.
 12694 | D:11     | Noticed a sun demon
 12968 | D:11     | Reached skill level 5 in Armour
 12968 | D:11     | Reached skill level 8 in Alchemy
 13223 | D:11     | Noticed a two-headed ogre
 13228 | D:11     | Killed a two-headed ogre
 13320 | D:11     | Reached *** piety under Vehumet
 13325 | D:11     | Noticed a two-headed ogre
 13325 | D:11     | Noticed a boulder beetle
 13328 | D:11     | Slain by a boulder beetle

Illustrated notes

Levels and vault maps discovered:
D:1:      minmay_arrival_loop, layout_basic
D:2:      layout_rooms, basic_altar, shapermc_ecumenical_altar_mp_vishouse,
          minmay_divided_ellipse
D:3:      layout_basic, uniq_grinder, uniq_crazy_yiuf_cottage
D:4:      layout_cave_pods
D:5:      layout_layer_cave, nicolae_overflow_squiral,
          minmay_temple_entry_offerings, serial_shops, shop,
          nicolae_shop_industrial_runoff, shop, nicolae_square_shop,
          shop_fountains
D:6:      layout_gridville, nicolae_ru_path_of_blood, enter_ossuary_1,
          kennysheep_cross_bottleneck
D:7:      layout_cave_pools
D:8:      minmay_angry_zag, layout_rooms, nicolae_overflow_macrodata_refinement,
          uniq_jeremiah
D:9:      layout_roguey, minmay_misc_feat_plants, nicolae_water_bricks
D:10:     layout_irregular_city, grunt_lair_entry_orc_guard_hut, serial_shops,
          shop, hex_large
D:11:     layout_irregular_city, gammafunk_ghost_arena, minmay_librarian
Temple:   nicolae_temple_bog_church

Skill      XL: |  1  2  3  4  5  6  7  8  9 10 11 |
---------------+----------------------------------+-----
Fighting       | 1 2 4 6 |  6.8
Earth Magic    | 4 5 6 7 |  7.6
Conjurations   | 2 3 4 6 |  6.1
Spellcasting   | 3 4 5 |  5.3
Maces & Flails | 2 3 4 6 7 |  7.6
Alchemy        | 4 7 8 |  8.3
Armour         | 1 5 |  5.6
Dodging        | |  1.5
Stealth        | |  2.1

Action                     |  1- 3 |  4- 6 |  7- 9 | 10-12 || total
---------------------------+-------+-------+-------+-------++-------
  Melee: Unarmed           |     7 |       |       |       ||     7
         Whip              |     7 |       |       |       ||     7
         Flail             |       |     7 |       |       ||     7
         Mace              |       |    11 |    84 |   221 ||   316
  Throw: Dart              |     1 |    11 |    13 |    15 ||    40
   Cast: Sandblast         |    33 |    59 |    67 |     5 ||   164
         Stone Arrow       |       |     1 |    41 |    59 ||   101
         Irradiate         |       |       |     1 |     3 ||     4
  Evoke: Wand              |       |       |     1 |    10 ||    11
    Use: Scroll            |       |     6 |     9 |    12 ||    27
         Potion            |       |       |     8 |     6 ||    14
   Stab: Sleeping          |       |     1 |       |     1 ||     2
 Armour: Robe              |     9 |    31 |   178 |   240 ||   458
         Skin              |       |       |     2 |       ||     2
  Dodge: Dodged            |    15 |    28 |   116 |   150 ||   309

Table legend: (Time is in decaauts)
 A = Elapsed time spent in this place.
 B = Non-inter-level travel time spent in this place.
 C = Inter-level travel time spent in this place.
 D = Time resting spent in this place.
 E = Time spent auto-exploring this place.
 F = Levels seen in this place.
 G = Mean time per level.
                   A        B        C        D        E       F      G
               +--------+--------+--------+--------+--------+-----+--------+
         Total |  13450 |  13107 |    343 |   2848 |   8444 |  13 | 1034.6 |
       Dungeon |  13117 |  12791 |    326 |   2796 |   8301 |  11 | 1192.5 |
        Temple |     18 |      1 |     17 |      0 |      0 |   1 |   18.0 |
       Ossuary |    314 |    314 |      0 |     52 |    143 |   1 |  314.0 |
               +--------+--------+--------+--------+--------+-----+--------+

Top non-repeatable levels by time:
     D:5: 1561 daAuts
     D:9: 1549 daAuts
     D:7: 1498 daAuts
     D:6: 1440 daAuts
     D:3: 1359 daAuts
     D:2: 1184 daAuts
     D:1: 1108 daAuts
     D:8: 1002 daAuts
     D:4: 901 daAuts
    D:10: 768 daAuts
    D:11: 743 daAuts
 Ossuary: 314 daAuts
  Temple: 18 daAuts
